 Dungeon Crawl Stone Soup version 0.23.2-1-ga50397a (webtiles) character file.

Game seed: 12205967564969436151

538 mike2R the Conjurer (level 7, -2/36 HPs)
             Began as a Deep Elf Conjurer on May 18, 2019.
             Was a Follower of Ru.
             Slain by Grinder (9 damage)
             ... while paralysed by Grinder
             ... on level 4 of the Dungeon.
             The game lasted 00:40:45 (4246 turns).

mike2R the Conjurer (Deep Elf Conjurer)             Turns: 4246, Time: 00:40:46

Health: -2/36      AC:  5    Str:  5    XL:     7   Next: 5%
Magic:  27/27      EV:  2    Int: 22    God:    Ru [*.....]
Gold:   182        SH:  0    Dex: 15    Spells: 4/18 levels left

rFire    . . .     SeeInvis .   a - +3 dagger (protect)
rCold    . . .     Gourm    .   (no shield)
rNeg     . . .     Faith    .   p - +0 leather armour
rPois    .         Spirit   .   u - +0 helmet
rElec    .         Reflect  .   (no cloak)
rCorr    .         Harm     .   x - +0 pair of gloves
MR       .....                  (no boots)
Stlth    ++........             (no amulet)
HPRegen  0.12/turn              j - ring of magical power
MPRegen  0.20/turn              (no ring)

@: paralysed, very slightly contaminated
A: hated by all
a: Renounce Religion


You were on level 4 of the Dungeon.
You worshipped Ru.
Ru was aware of your devotion.
You were not hungry.

You visited 1 branch of the dungeon, and saw 4 of its levels.

You collected 182 gold pieces.

Inventory:

Hand Weapons
 a - a +3 dagger of protection (weapon)
 b - a +0 blowgun
 v - a +0 flail of protection
Missiles
 f - 22 poisoned needles
 q - 8 javelins (quivered)
 s - 4 tomahawks
Armour
 m - a +0 buckler
 p - a +0 leather armour (worn)
 u - a +0 helmet (worn)
 x - a +0 pair of gloves (worn)
Jewellery
 j - a ring of magical power (left hand)
Scrolls
 h - 3 scrolls of teleportation
Potions
 d - a potion of berserk rage {unknown}
 e - 2 potions of heal wounds
 g - a potion of flight
 k - a potion of ambrosia
 l - a potion of lignification {unknown}
 n - a potion of haste {unknown}
 o - a potion of mutation {unknown}
 z - a potion of invisibility {unknown}
Comestibles
 c - 6 rations


   Skills:
 - Level 2.8 Dodging
 - Level 2.4 Stealth
 + Level 6.1 Spellcasting
 - Level 7.0 Conjurations
 * Level 3.6 Translocations


You had 4 spell levels left.
You knew the following spells:

 Your Spells              Type           Power        Failure   Level  Hunger
a - Magic Dart            Conj           ####         1%          1    None
b - Searing Ray           Conj           #####.       1%          2    None
c - Dazzling Spray        Conj/Hex       ###...       11%         3    #......
d - Iskenderun's Mystic   Conj           #####...     9%          4    ###....
e - Force Lance           Conj/Tloc      ####....     17%         4    ###....

Your spell library contained the following spells:

 Spells                   Type           Power        Failure   Level  Hunger
 Fulminant Prism          Conj/Hex       ###.......   34%         4    ###....


Dungeon Overview and Level Annotations

Branches:
Dungeon (4/15)
 Temple: D:4-7

Altars:
Cheibriados
Dithmenos
Fedhas
Ru
Sif Muna
Trog
Uskayaw

Annotations:
D:4 Grinder


Innate Abilities, Weirdness & Mutations

You are hated by all.


Message History

It was a scroll of blinking.
As you read the scroll labeled JITRIU BUOSTU, it crumbles to dust.
It is a scroll of enchant weapon.
Your +2 dagger of protection glows red for a moment.
You see here 19 stones.
Found a stone staircase leading up.
Found 23 arrows.
Grinder comes into view.
Found a bloodstained altar of Trog and a blossoming altar of Fedhas.
You closely miss Grinder. Grinder gestures at you.
You suddenly lose the ability to move!
Grinder hits you! Grinder hits you.
You writhe in agony.
Grinder barely misses you. Grinder hits you but does no damage.
Grinder hits you!
You writhe in agony.
* * * LOW HITPOINT WARNING * * *
Grinder hits you!
You die...

** ,* ,* ,*##***
#########
,,...<######.......#
,*#............#.#.#
,*#.#..##.##.#...#,*
,*#.#,,*#.##(##..#,*
**#.#,,*#.##.###@#,*
###.#***#.##...5...#
....#####.####...###
##..(.....#**#...#**
........###,,....?,*
........# *,.....!,*
#.......# *.......,*
........# #.._8_.##*
#.####### **,,_,,*


You could see Grinder.

Vanquished Creatures
  A phantom (D:4)
  A scorpion (D:4)
  A gnoll shaman (D:4)
  An orc priest (D:3)
  A hound (D:3)
  2 orc wizards
  An iguana (D:4)
  Robin (D:3)
  4 gnolls (D:4)
  4 adders
  An ooze (D:3)
  3 worms
  A dart slug (D:2)
  6 leopard geckos
  18 orcs
  10 bats
  4 giant cockroaches
  15 goblins
  7 hobgoblins
  7 jackals
  7 kobolds
  A quokka (D:4)
  2 ball pythons
  7 frilled lizards
  10 rats
116 creatures vanquished.

Notes
Turn   | Place    | Note
-------+----------+-------------------------------------------
     0 | D:1      | mike2R the Deep Elf Conjurer began the quest for the Orb.
     0 | D:1      | Reached XP level 1. HP: 10/10 MP: 6/6
   160 | D:1      | Reached XP level 2. HP: 15/15 MP: 6/8
   164 | D:1      | Learned a level 2 spell: Searing Ray
   449 | D:1      | Reached skill level 5 in Conjurations
   640 | D:1      | Reached XP level 3. HP: 19/19 MP: 5/9
   865 | D:1      | Learned a level 3 spell: Dazzling Spray
  1759 | D:2      | Found a sacrificial altar of Ru.
  1767 | D:2      | Became a worshipper of Ru the Awakened
  1770 | D:2      | Found a shadowy altar of Dithmenos.
  1824 | D:3      | Reached XP level 4. HP: 24/24 MP: 0/12
  2167 | D:3      | Learned a level 4 spell: Iskenderun's Mystic Blast
  2265 | D:3      | Reached skill level 6 in Conjurations
  2325 | D:3      | Noticed Robin
  2344 | D:3      | Killed Robin
  2344 | D:3      | Reached XP level 5. HP: 25/28 MP: 12/13
  3067 | D:3      | Reached skill level 5 in Spellcasting
  3289 | D:3      | Learned a level 4 spell: Force Lance
  3322 | D:3      | Reached skill level 7 in Conjurations
  3387 | D:3      | Gained mutation: You are hated by all. [Ru sacrifice]
  3387 | D:3      | Reached * piety under Ru
  3544 | D:4      | Reached skill level 1 in Translocations
  3544 | D:4      | Reached XP level 6. HP: 32/32 MP: 16/16
  3568 | D:4      | Found a snail-covered altar of Cheibriados.
  3771 | D:4      | Noticed a +0 dagger
  3771 | D:4      | Noticed a +0 dagger
  3772 | D:4      | Found a hide-covered altar of Uskayaw.
  4090 | D:4      | Found a deep blue altar of Sif Muna.
  4128 | D:4      | Reached XP level 7. HP: 36/36 MP: 11/18
  4239 | D:4      | Found a bloodstained altar of Trog.
  4239 | D:4      | Found a blossoming altar of Fedhas.
  4239 | D:4      | Noticed Grinder
  4240 | D:4      | Paralysed by Grinder for 7 turns
  4246 | D:4      | Slain by Grinder

Skill      XL: |  1  2  3  4  5  6 |
---------------+-------------------+-----
Conjurations   | 5 6 7 |  7.0
Spellcasting   | 4 5 6 |  6.1
Translocations | 1 3 |  3.6
Dodging        | |  2.8
Stealth        | |  2.4

Action                   |  1- 3 |  4- 6 |  7- 9 || total
-------------------------+-------+-------+-------++-------
Melee: Unarmed           |     8 |       |       ||     8
       Mace              |     4 |     1 |       ||     5
       Dagger            |       |     7 |     1 ||     8
Throw: Javelin           |     1 |     3 |       ||     4
 Cast: Magic Dart        |    76 |   106 |       ||   182
       Searing Ray       |     3 |    16 |       ||    19
       Dazzling Spray    |     2 |     1 |       ||     3
       Iskenderun's Myst |       |     9 |     1 ||    10
Invok: Sacrifice Love    |       |     1 |       ||     1
  Use: Scroll            |       |     5 |     3 ||     8
 Stab: Sleeping          |       |     1 |       ||     1
  Eat: Chunk             |     3 |     8 |     1 ||    12
Armor: Robe              |     8 |       |       ||     8
       Leather armour    |       |     5 |     1 ||     6
Dodge: Dodged            |    20 |    15 |     1 ||    36
